3492 views
Uploaded 2020-04-23 16:32:07
Game version 1.32.3
25:57 long 1on1 custom game on (2)TerenasStand_LV
Game name "W3Champions-10-oKSBxfFJVT"
Saved by NeverQuit
3492 views
Uploaded 2020-04-23 16:32:07
Game version 1.32.3
25:57 long 1on1 custom game on (2)TerenasStand_LV
Game name "W3Champions-10-oKSBxfFJVT"

66 units @ 9.2k
/ 1.3k
40 buildings @ 3.8k
/ 2k


| Lesser Clarity Potion | 1 | 70 |
| Dust of Appearance | 1 | 75 |
| Scroll of Town Portal | 1 | 350 |
| Scroll of Healing | 1 | 250 |
| Staff of Teleportation | 1 | 150 |
| total: | 5 | 895g |
| Peasant | 20 | 1500 | / | 0 |
| Sorceress | 14 | 2170 | / | 280 |
| Priest | 9 | 1215 | / | 90 |
| Spell Breaker | 10 | 2150 | / | 300 |
| Flying Machine | 8 | 800 | / | 240 |
| Gryphon Rider | 5 | 1400 | / | 350 |
| total: | 66 | 9235g | / | 1260w |
| Scout Tower | 15 | 450 | / | 300 |
| Arcane Tower | 1 | 70 | / | 50 |
| Guard Tower | 12 | 840 | / | 600 |
| Altar of Kings | 1 | 180 | / | 50 |
| Farm | 12 | 960 | / | 240 |
| Lumber Mill | 1 | 120 | / | 0 |
| Arcane Vault | 1 | 130 | / | 30 |
| Blacksmith | 1 | 140 | / | 60 |
| Town Hall | 2 | 770 | / | 410 |
| Barracks | 1 | 160 | / | 60 |
| Cannon Tower | 1 | 120 | / | 100 |
| Arcane Sanctum | 3 | 450 | / | 420 |
| Workshop | 1 | 140 | / | 140 |
| Gryphon Aviary | 2 | 280 | / | 300 |
| Keep | 1 | 320 | / | 210 |
| Castle | 1 | 360 | / | 210 |
| total: | 40 | 3780g | / | 2010w |
| 0:02 | Peasant |
| 0:02 | Peasant |
| 0:07 | Altar of Kings |
| 0:23 | Farm |
| 0:25 | Peasant |
| 0:40 | Peasant |
| 0:56 | Peasant |
| 1:01 | Scout Tower |
| 1:04 | Lumber Mill |
| 1:11 | Peasant |
| 1:24 | Peasant |
| 1:27 | Arcane Tower |
| 1:30 | Peasant |
| 1:41 | Scout Tower |
| 2:07 | Flame Strike |
| 2:21 | Keep |
| 2:36 | Guard Tower |
| 3:07 | Arcane Vault |
| 3:09 | Farm |
| 3:17 | Scout Tower |
| 3:45 | Guard Tower |
| 4:42 | Arcane Sanctum |
| 4:46 | Arcane Sanctum |
| 4:48 | Arcane Sanctum |
| 4:53 | Improved Lumber Harvesting |
| 5:01 | Farm |
| 5:03 | Farm |
| 5:40 | Farm |
| 6:02 | Blizzard |
| 6:03 | Sorceress |
| 6:03 | Sorceress |
| 6:04 | Priest |
| 6:09 | Farm |
| 6:22 | Sorceress |
| 6:22 | Priest |
| 6:23 | Priest Adept Training |
| 6:43 | Sorceress Adept Training |
| 6:50 | Blacksmith |
| 6:57 | Sorceress |
| 7:32 | Spell Breaker |
| 7:38 | Priest |
| 7:41 | Farm |
| 7:44 | Banish |
| 8:04 | Spell Breaker |
| 8:06 | Spell Breaker |
| 8:07 | Priest |
| 8:11 | Spell Breaker |
| 8:23 | Dust of Appearance |
| 8:41 | Brilliance Aura |
| 8:58 | Workshop |
| 9:04 | Town Hall |
| 9:06 | Scout Tower |
| 9:07 | Scout Tower |
| 9:35 | Guard Tower |
| 9:57 | Peasant |
| 9:57 | Peasant |
| 10:10 | Flying Machine |
| 10:15 | Peasant |
| 10:15 | Peasant |
| 10:21 | Flying Machine |
| 10:33 | Flying Machine |
| 10:38 | Peasant |
| 10:49 | Flying Machine |
| 11:05 | Flying Machine |
| 11:20 | Flying Machine |
| 11:22 | Flak Cannons |
| 11:23 | Peasant |
| 11:23 | Peasant |
| 11:23 | Peasant |
| 11:25 | Flame Strike |
| 11:26 | Blizzard |
| 11:39 | Farm |
| 11:43 | Farm |
| 11:56 | Control Magic |
| 11:58 | Magic Sentry |
| 12:01 | Peasant |
| 12:07 | Scout Tower |
| 12:08 | Scout Tower |
| 12:14 | Flying Machine |
| 12:50 | Castle |
| 12:51 | Flying Machine |
| 13:06 | Guard Tower |
| 13:08 | Peasant |
| 13:08 | Peasant |
| 13:09 | Peasant |
| 13:11 | Improved Masonry |
| 13:28 | Spell Breaker |
| 13:31 | Iron Plating |
| 13:38 | Scout Tower |
| 13:39 | Scout Tower |
| 13:39 | Scout Tower |
| 13:55 | Spell Breaker |
| 14:04 | Spell Breaker |
| 15:57 | Guard Tower |
| 15:58 | Guard Tower |
| 15:58 | Scout Tower |
| 16:00 | Scout Tower |
| 16:01 | Scout Tower |
| 16:05 | Priest Master Training |
| 16:06 | Sorceress Master Training |
| 16:08 | Sorceress |
| 16:08 | Sorceress |
| 16:08 | Sorceress |
| 16:22 | Steel Plating |
| 16:27 | Guard Tower |
| 16:28 | Cannon Tower |
| 16:29 | Scout Tower |
| 16:37 | Lesser Clarity Potion |
| 16:56 | Guard Tower |
| 17:09 | Town Hall |
| 17:21 | Priest |
| 17:22 | Sorceress |
| 17:35 | Farm |
| 17:40 | Advanced Masonry |
| 17:55 | Spell Breaker |
| 17:58 | Farm |
| 18:00 | Farm |
| 18:02 | Iron Forged Swords |
| 18:44 | Scroll of Town Portal |
| 18:45 | Scroll of Healing |
| 18:58 | Priest |
| 19:06 | Mithril Plating |
| 19:29 | Spell Breaker |
| 19:30 | Sorceress |
| 19:30 | Sorceress |
| 19:48 | Imbued Masonry |
| 20:21 | Siphon Mana |
| 20:39 | Scout Tower |
| 21:17 | Gryphon Aviary |
| 21:19 | Gryphon Aviary |
| 21:40 | Barracks |
| 21:44 | Sorceress |
| 21:45 | Priest |
| 21:45 | Priest |
| 21:49 | Gryphon Rider |
| 22:01 | Gryphon Rider |
| 22:08 | Sorceress |
| 22:09 | Priest |
| 22:16 | Spell Breaker |
| 22:18 | Sorceress |
| 22:22 | Animal War Training |
| 22:36 | Staff of Teleportation |
| 22:52 | Gryphon Rider |
| 22:53 | Gryphon Rider |
| 23:20 | Sorceress |
| 23:34 | Storm Hammers |
| 24:34 | Gryphon Rider |
| 25:50 | Brilliance Aura |
| Right click | 1135 |
| Select | 978 |
| Select group | 333 |
| Misc. action | 253 |
| Build/train/purchase | 139 |
| Use ability | 102 |
| Assign group | 60 |
| Item give/drop | 4 |
| Remove unit | 2 |
| Esc | 1 |
51 units @ 7.9k
/ 1.3k
31 buildings @ 4.5k
/ 2.1k



| Healing Salve | 4 | 400 |
| Lesser Clarity Potion | 5 | 350 |
| Scroll of Speed | 2 | 100 |
| Tiny Great Hall | 2 | 1200 |
| Orb of Lightning | 1 | 375 |
| Potion of Mana | 1 | 200 |
| Scroll of Town Portal | 1 | 350 |
| Scroll of Healing | 2 | 500 |
| Boots of Speed | 1 | 250 |
| Circlet of Nobility | 1 | 175 |
| Potion of Lesser Invulnerability | 2 | 300 |
| total: | 22 | 4200g |
| Peon | 20 | 1500 | / | 0 |
| Grunt | 2 | 400 | / | 0 |
| Troll Witch Doctor | 5 | 725 | / | 125 |
| Wind Rider | 2 | 530 | / | 80 |
| Spirit Walker | 1 | 195 | / | 35 |
| Tauren | 2 | 560 | / | 160 |
| Shaman | 1 | 130 | / | 20 |
| Troll Headhunter | 1 | 140 | / | 20 |
| Kodo Beast | 1 | 255 | / | 60 |
| Troll Berserker | 4 | 560 | / | 80 |
| Demolisher | 10 | 2200 | / | 500 |
| Goblin Shredder | 2 | 750 | / | 200 |
| total: | 51 | 7945g | / | 1280w |
| Watch Tower | 9 | 990 | / | 720 |
| Altar of Storms | 1 | 180 | / | 50 |
| Orc Burrow | 9 | 1440 | / | 360 |
| Barracks | 4 | 720 | / | 200 |
| War Mill | 1 | 205 | / | 0 |
| Voodoo Lounge | 2 | 260 | / | 60 |
| Spirit Lodge | 2 | 300 | / | 300 |
| Beastiary | 2 | 290 | / | 280 |
| Tauren Totem | 1 | 135 | / | 155 |
| Stronghold | 2 | 630 | / | 380 |
| Fortress | 2 | 650 | / | 380 |
| total: | 31 | 4520g | / | 2125w |
| 0:02 | Peon |
| 0:02 | Peon |
| 0:05 | Altar of Storms |
| 0:17 | Orc Burrow |
| 0:21 | Peon |
| 0:21 | Peon |
| 0:35 | Barracks |
| 0:46 | Peon |
| 0:46 | Peon |
| 0:55 | Peon |
| 1:02 | Peon |
| 1:02 | Peon |
| 1:07 | Peon |
| 1:08 | Peon |
| 1:32 | Orc Burrow |
| 1:35 | Peon |
| 1:38 | Grunt |
| 1:38 | Grunt |
| 1:43 | Peon |
| 2:28 | Wind Walk |
| 2:28 | Peon |
| 2:28 | Peon |
| 2:31 | Peon |
| 2:31 | Peon |
| 3:23 | Stronghold |
| 3:25 | War Mill |
| 3:42 | Voodoo Lounge |
| 3:54 | Orc Burrow |
| 4:48 | Boots of Speed |
| 4:49 | Circlet of Nobility |
| 5:15 | Critical Strike |
| 5:46 | Watch Tower |
| 5:47 | Spirit Lodge |
| 5:48 | Fortress |
| 6:14 | Beastiary |
| 6:18 | Beastiary |
| 6:22 | Tauren Totem |
| 6:38 | Watch Tower |
| 6:42 | Healing Salve |
| 6:42 | Lesser Clarity Potion |
| 6:42 | Healing Salve |
| 6:43 | Scroll of Speed |
| 6:55 | Hex |
| 7:14 | Goblin Shredder |
| 7:15 | Goblin Shredder |
| 7:25 | Reinforced Defenses |
| 7:48 | Ensnare |
| 7:51 | Troll Witch Doctor |
| 8:06 | Wind Rider |
| 8:26 | Spirit Walker Adept Training |
| 8:40 | Orc Burrow |
| 8:53 | Wind Walk |
| 8:55 | Healing Wave |
| 9:11 | Shaman Adept Training |
| 9:12 | Spirit Walker |
| 10:26 | Spirit Walker Master Training |
| 10:33 | Tiny Great Hall |
| 10:52 | Healing Salve |
| 11:15 | Watch Tower |
| 11:15 | Watch Tower |
| 11:16 | Watch Tower |
| 11:31 | Watch Tower |
| 11:32 | Watch Tower |
| 11:40 | Shaman Master Training |
| 11:47 | War Stomp |
| 11:50 | Pulverize |
| 11:56 | Barracks |
| 12:11 | Healing Wave |
| 12:20 | Tauren |
| 12:47 | Witch Doctor Adept Training |
| 12:50 | Endurance Aura |
| 12:56 | Barracks |
| 13:25 | Steel Armor |
| 13:31 | Orc Burrow |
| 13:33 | Berserker Upgrade |
| 13:35 | Shaman |
| 14:07 | Troll Headhunter |
| 14:08 | Kodo Beast |
| 14:10 | Tauren |
| 14:19 | Critical Strike |
| 14:23 | Orc Burrow |
| 14:26 | Orb of Lightning |
| 14:42 | Troll Regeneration |
| 15:56 | Troll Berserker |
| 15:56 | Wind Rider |
| 16:12 | Thorium Armor |
| 16:27 | Barracks |
| 16:32 | Witch Doctor Master Training |
| 16:44 | Lesser Clarity Potion |
| 16:44 | Lesser Clarity Potion |
| 16:49 | Scroll of Town Portal |
| 16:50 | Scroll of Speed |
| 16:53 | Watch Tower |
| 16:55 | Orc Burrow |
| 17:18 | Tiny Great Hall |
| 17:24 | Burning Oil |
| 17:52 | Watch Tower |
| 18:03 | Voodoo Lounge |
| 18:09 | Peon |
| 18:09 | Peon |
| 18:13 | Troll Witch Doctor |
| 18:38 | Demolisher |
| 18:38 | Demolisher |
| 18:47 | Spirit Lodge |
| 18:57 | Demolisher |
| 18:57 | Demolisher |
| 19:08 | Orc Burrow |
| 19:23 | Scroll of Healing |
| 19:31 | Demolisher |
| 19:31 | Demolisher |
| 19:40 | Demolisher |
| 19:40 | Demolisher |
| 19:44 | Steel Ranged Weapons |
| 20:36 | War Stomp |
| 20:44 | Demolisher |
| 20:45 | Demolisher |
| 21:00 | Hex |
| 21:14 | Wind Walk |
| 21:33 | Troll Berserker |
| 21:34 | Arcanite Armor |
| 21:46 | Troll Witch Doctor |
| 21:51 | Lesser Clarity Potion |
| 21:51 | Lesser Clarity Potion |
| 21:53 | Healing Salve |
| 22:16 | Potion of Mana |
| 22:24 | Troll Witch Doctor |
| 22:31 | Orc Burrow |
| 22:39 | Thorium Ranged Weapons |
| 22:40 | Troll Berserker |
| 23:04 | Potion of Lesser Invulnerability |
| 23:05 | Potion of Lesser Invulnerability |
| 23:07 | Scroll of Healing |
| 23:32 | Peon |
| 23:39 | Troll Berserker |
| 24:59 | Troll Witch Doctor |
| 25:41 | Endurance Aura |
| Right click | 1993 |
| Select group | 841 |
| Select | 557 |
| Build/train/purchase | 211 |
| Use ability | 77 |
| Assign group | 66 |
| Misc. action | 60 |
| Chat | 15 |
| Item give/drop | 9 |
| Esc | 5 |
| Remove unit | 3 |